 Dungeon Crawl Stone Soup version 0.20-a0-433-g9e36e56 (webtiles) character file.

41 DevlanMud the Bolt Thrower (level 3, -1/30 HPs)
             Began as a Formicid Hunter on Jan 3, 2017.
             Slain by a jackal (2 damage)
             ... on level 1 of the Dungeon.
             The game lasted 00:05:09 (1724 turns).

DevlanMud the Bolt Thrower (Formicid Hunter)        Turns: 1724, Time: 00:05:10

Health: -1/30      AC:  5    Str: 17    XL:     3   Next: 75%
Magic:  3/3        EV: 11    Int: 15    God:
Gold:   59         SH:  0    Dex: 11    Spells: 2/2 levels left

rFire  . . .     SeeInvis +     b - +0 short sword
rCold  . . .     Gourm    .     h - +0 ring mail
rNeg   . . .     Faith    .     (no shield)
rPois  .         Spirit   .     (helmet unavailable)
rElec  .         Reflect  .     (no cloak)
rCorr  .         Harm     .     (no gloves)
MR     .....                    (no boots)
Stlth  +.........               (no amulet)
                                (no ring)
                                (no ring)

@: brilliant
A: permanent stasis, dig shafts and tunnels, four strong arms, antennae 3
a: Dig, Shaft Self


You were on level 1 of the Dungeon.
You were not hungry.

You visited 1 branch of the dungeon, and saw 2 of its levels.

You collected 59 gold pieces.

Inventory:

Hand Weapons
 a - a +1 hand crossbow
 b - a +0 short sword (weapon)
Missiles
 d - 20 bolts
Armour
 h - a +0 ring mail (worn)
 i - a -1 large shield
Jewellery
 j - an uncursed ring of ice
Scrolls
 e - a scroll of identify
 l - a scroll of amnesia {unknown}
 m - a scroll of enchant armour {unknown}
 n - a scroll of teleportation {unknown}
Potions
 k - a potion of curing {unknown}
Comestibles
 f - 3 bread rations
 g - 3 chunks of flesh


   Skills:
 * Level 3.7 Fighting
 - Level 4.0 Crossbows
 + Level 1.4 Armour
 - Level 1.7 Dodging
 - Level 1.2 Stealth


You had 2 spell levels left.
You didn't know any spells.

Dungeon Overview and Level Annotations

Branches:
Dungeon (2/15)

Altars:

Annotations:
D:2 Robin


Innate Abilities, Weirdness & Mutations

You cannot be hasted, slowed, berserked, paralysed or teleported.
You can dig through walls and to a lower floor.
Your four strong arms can wield two-handed weapons with a shield.
You have a pair of large antennae on your head. (SInv)


Message History

A jackal comes into view.
The jackal barks!
You hear a shout!
The jackal bites you but does no damage.
Robin hits you from afar with a trident!
* * * LOW HITPOINT WARNING * * *
The jackal bites you but does no damage.
Robin hits you from afar with a trident!
* * * LOW HITPOINT WARNING * * *
The jackal closely misses you. The jackal barely misses you.
There is an escape hatch in the ceiling here.
The jackal barely misses you.
Robin says, "My army is invincible!"
A mysterious force pulls you upwards. The hatch slams shut behind you.
It was a potion of brilliance.
You feel clever all of a sudden. The jackal completely misses you.
The jackal bites you but does no damage. x2
The jackal bites you.
You die...

#.# #...# #....
####'########..)# #....
#..........##...# #....
#..........##...######....
#..........'..............
#..........#########......
#..........# #...###
######.......h..# #...###
#.......[.....@h# #......
#..........###### #......
#..........# #......
#..........## #......
#...........# #......
#.........#.## #.#####
#.........#..# #.####
#.........##.# #....#
#########รท##.##
#########.#.#


You could see 2 jackals.

Vanquished Creatures
  2 dart slugs
  2 giant cockroaches (D:1)
  7 goblins
  3 hobgoblins
  7 jackals
  4 bats (D:1)
  2 frilled lizards
  A kobold (D:1)
  6 rats
34 creatures vanquished.

Notes
Turn   | Place    | Note
-------+----------+-------------------------------------------
     0 | D:1      | DevlanMud the Formicid Hunter began the quest for the Orb.
     0 | D:1      | Reached XP level 1. HP: 16/16 MP: 1/1
   388 | D:1      | Reached XP level 2. HP: 19/23 MP: 2/2
   706 | D:1      | Reached skill level 1 in Armour
  1122 | D:1      | Reached XP level 3. HP: 22/29 MP: 3/3
  1674 | D:2      | Noticed Robin
  1720 | D:2      | HP: 1/30 [Robin/trident (7)]
  1724 | D:1      | Slain by a jackal

Vault maps used:
D:1:      evilmike_arrival_rings
D:2:      minmay_lizard_pond, uniq_robin

Skill      XL: |  1  2 |
---------------+-------+-----
Armour         | 1 |  1.4
Fighting       | 3 |  3.7
Crossbows      | |  4.0
Dodging        | |  1.7
Stealth        | |  1.2

Action                   || total
-------------------------++-------
Melee: Short sword       ||   176
 Abil: Dig               ||     1
  Use: Scroll            ||     2
       Potion            ||     1
  Eat: Chunk             ||     3
Armor: Leather armour    ||    15
       Ring mail         ||    68
Dodge: Dodged            ||   145
Block: Large shield      ||     3
